 Dungeon Crawl Stone Soup version 0.28-a0-429-g1448048969 (webtiles) character file.

Game seed: 8732465428778732997

1310 CraigForest the Spear-Bearer (level 8, -2/61 HPs)
             Began as a Merfolk Gladiator on Sept 11, 2021.
             Was an Initiate of Elyvilon.
             Killed from afar by Dowan (21 damage)
             ... with a shard of ice
             ... in the Ecumenical Temple on Sept 12, 2021.
             The game lasted 00:25:34 (5074 turns).

CraigForest the Spear-Bearer (Merfolk Gladiator)    Turns: 5074, Time: 00:25:35

Health: -2/61      AC:  9    Str: 15    XL:     8   Next: 58%
Magic:  8/8        EV: 18    Int:  8    God:    Elyvilon [......]
Gold:   131        SH:  0    Dex: 16    Spells: 7/7 levels left

rFire   + . .      SeeInvis .   a - +0 trident (flame)
rCold   . . .      Faith    .   (no shield)
rNeg    . . .      Spirit   .   s - +0 ring mail
rPois   .          Reflect  .   x - +2 hat
rElec   .          Harm     .   m - +0 cloak
rCorr   .          Rampage  .   y - +0 pair of gloves
Will    .....                   (no boots)
Stlth   +.........              (no amulet)
HPRegen 0.20/turn               i - +4 ring of evasion
MPRegen 0.11/turn               q - ring of protection from fire

@: mighty
A: (nimble swimmer 2), mertail
a: Renounce Religion


You were in the Ecumenical Temple.
You worshipped Elyvilon.
Elyvilon was noncommittal.
You visited 2 branches of the dungeon, and saw 7 of its levels.

You collected 169 gold pieces.
You spent 38 gold pieces at shops.

Inventory:

Hand Weapons
 a - a +0 trident of flaming (weapon)
 l - a +4 quarterstaff of chaos
 p - a +0 rapier
 z - a +0 battleaxe
 A - a +0 dire flail
 H - a +1 vorpal hand axe
 I - a +0 war axe
Missiles
 d - 3 throwing nets
 e - 90 stones
 n - a javelin (quivered)
 o - 6 datura-tipped darts
 w - 26 poisoned darts
 N - 5 atropa-tipped darts
Armour
 b - a +0 leather armour
 c - a +0 helmet
 m - a +0 cloak (worn)
 s - a +0 ring mail (worn)
 x - a +2 hat (worn)
 y - a +0 pair of gloves (worn)
 M - a +0 scale mail
Jewellery
 f - a ring of fire
 i - a +4 ring of evasion (left hand)
 q - a ring of protection from fire (right hand)
 G - a ring of see invisible
 J - a +6 ring of dexterity
Wands
 g - a wand of flame (19)
Scrolls
 t - a scroll of amnesia
 C - 3 scrolls of teleportation
 K - a scroll of fog
 L - a scroll of fear
Potions
 h - a potion of curing
 k - a potion of cancellation {unknown}
 u - a potion of invisibility {unknown}
 v - a potion of flight {unknown}
 B - a potion of heal wounds
 F - a potion of brilliance {unknown}


   Skills:
 + Level 4.9 Fighting
 + Level 11.5 Polearms
 - Level 2.0 Throwing
 - Level 2.0 Armour
 - Level 7.0 Dodging


You had 7 spell levels left.
You didn't know any spells.
Your spell library contained the following spells:

 Spells                   Type           Power      Damage    Failure   Level
 Foxfire                  Conj/Fire      0%         2x1d4     63%         1
 Pain                     Necr           0%         1d4       63%         1
 Shock                    Conj/Air       0%         1d3       63%         1
 Conjure Flame            Conj/Fire      0%         6-21      94%         3
 Gell's Gravitas          Tloc           0%         N/A       94%         3
 Inner Flame              Hex/Fire       0%         N/A       94%         3
 Swiftness                Air            0%         N/A       94%         3
 Teleport Other           Tloc           0%         N/A       94%         3
 Airstrike                Air            0%         N/A       100%        4
 Flame Wave               Conj/Fire      0%         3d3       100%        4
 Dispersal                Tloc           0%         N/A       100%        6


Dungeon Overview and Level Annotations

Branches:
Dungeon (6/15)             Temple (1/1) D:6

Altars:
Ashenzari
Cheibriados
Elyvilon
Fedhas
Gozag
Makhleb
Yredelemnul
Zin
Lugonu

Shops:
D:5 ?

Annotations:
D:6 Maggie
Temple Dowan


Innate Abilities, Weirdness & Mutations

((You are quick and stealthy near water. (Stealth+, EV+, Speed+++)))
Your lower body shifts to a powerful aquatic tail in water.


Message History

You closely miss Dowan.
Dowan is moderately wounded.
A nearby demonic plant withers and dies.
The bullfrog hits you but does no damage.
Dowan closely misses you. Duvessa hits you with a +0 rapier.
The bullfrog barely misses you.
As you read the scroll of fear, it crumbles to dust.
You assume a fearsome visage.
The demonic plant is unaffected.
Dowan looks frightened!
Duvessa easily resists.
The bullfrog looks frightened!
Dowan mumbles some strange words.
Dowan blinks!
Duvessa hits you but does no damage.
You barely miss Duvessa.
Dowan gestures wildly while chanting.
Dowan blinks!
Duvessa hits you with a +0 rapier.
You puncture Duvessa! You burn Duvessa.
Duvessa is moderately wounded.
You hit Duvessa. You burn Duvessa.
Duvessa is heavily wounded.
Duvessa hits you with a +0 rapier!
* * * LOW HITPOINT WARNING * * *
You feel much better. Duvessa hits you with a +0 rapier.
You barely miss Duvessa.
Duvessa is heavily wounded.
Duvessa misses you.
You barely miss Duvessa.
Duvessa is heavily wounded.
Duvessa hits you with a +0 rapier.
You puncture Duvessa! You burn Duvessa.
Duvessa is almost dead.
You puncture Duvessa! You burn Duvessa.
You kill Duvessa!
You hear a distant wail of despair.
Things that are here:
a +0 rapier; a +0 ring mail Dowan seems to find hidden reserves of power!
Dowan points at you and mumbles some strange words.
The stone arrow hits you!
Dowan points at you and mumbles some strange words.
The shard of ice hits you!!
You die...

#..#≈.# #_.⌠._#
#...F.# ##._.##
#...# #####
#########...###._.##
#.[....≈.#..≈...≈..#
#<).≈.....#..≈§§⌠._#
#P....@.e...#.....##
#########...###≈_.#
#...# ##### ###_.##
#≈≈.≈.# #_.⌠._#
##..#≈# #._.## #####


You could see Dowan (fast) and a bullfrog.

Vanquished Creatures
  Menkaure (D:6)
  Duvessa (Temple)
  An ice beast (Temple)
  A necrophage (D:5)
  An ogre (D:5)
  A centaur (D:5)
  A kobold brigand (D:4)
  A water moccasin skeleton (D:4)
  3 wights (D:4)
  2 orc priests
  A centaur skeleton (D:5)
  2 hounds
  Crazy Yiuf (D:2)
  A gnoll shaman (D:5)
  2 iguanas
  An orc wizard (D:5)
  A hound skeleton (D:4)
  A howler monkey skeleton (D:5)
  4 gnolls (D:5)
  3 adders
  An adder zombie (D:4)
  4 worms
  2 dart slugs
  17 orcs
  7 ball pythons
  5 endoplasms
  5 giant cockroaches
  10 hobgoblins
  6 jackals (D:4)
  12 kobolds
  4 quokkas
  3 bats
  2 frilled lizards
  10 goblins
  7 rats
125 creatures vanquished.

Vanquished Creatures (others)
  A demonic plant (Temple)
1 creature vanquished.

Grand Total: 126 creatures vanquished

Notes
Turn   | Place    | Note
-------+----------+-------------------------------------------
     0 | D:1      | CraigForest the Merfolk Gladiator began the quest for the
                  | Orb.
     0 | D:1      | Reached XP level 1. HP: 16/16 MP: 1/1
   143 | D:1      | Reached skill level 5 in Polearms
   143 | D:1      | Reached XP level 2. HP: 20/22 MP: 2/2
   422 | D:1      | Reached XP level 3. HP: 25/28 MP: 3/3
   596 | D:1      | Found a faded altar of an unknown god.
   604 | D:1      | Got Plato's Disquisition on Black Arts
  1056 | D:2      | Found a runed translucent door.
  1057 | D:2      | Noticed Crazy Yiuf
  1064 | D:2      | Killed Crazy Yiuf
  1065 | D:2      | Reached skill level 6 in Polearms
  1065 | D:2      | Reached XP level 4. HP: 34/34 MP: 4/4
  1192 | D:2      | Reached skill level 5 in Dodging
  2440 | D:4      | Reached skill level 7 in Polearms
  2440 | D:4      | Reached XP level 5. HP: 36/41 MP: 5/5
  2553 | D:4      | Noticed a kobold brigand
  2577 | D:4      | Killed a kobold brigand
  2578 | D:4      | Reached skill level 8 in Polearms
  2578 | D:4      | Reached skill level 1 in Armour
  2578 | D:4      | Reached XP level 6. HP: 26/47 MP: 6/6
  2758 | D:4      | Reached skill level 9 in Polearms
  2774 | D:4      | Reached XP level 7. HP: 16/52 MP: 7/7
  3096 | D:4      | Reached skill level 10 in Polearms
  3867 | D:5      | Entered Level 5 of the Dungeon
  4079 | D:5      | Found a burning altar of Makhleb.
  4212 | D:5      | Reached XP level 8. HP: 60/60 MP: 8/8
  4363 | D:5      | Found Foqisk's Magic Scroll Boutique.
  4649 | D:5      | Bought a scroll of fear for 38 gold pieces
  4675 | D:6      | Noticed Menkaure
  4677 | D:6      | Killed Menkaure
  4680 | D:6      | Noticed Maggie
  4684 | D:6      | Noticed Dowan
  4686 | D:6      | Noticed Duvessa
  4699 | D:6      | Found a staircase to the Ecumenical Temple.
  4707 | Temple   | Entered the Ecumenical Temple
  4921 | Temple   | Became a worshipper of Elyvilon the Healer
  4955 | Temple   | Reached skill level 11 in Polearms
  5069 | Temple   | Killed Duvessa
  5074 | Temple   | Killed from afar by Dowan

Illustrated notes

Levels and vault maps discovered:
D:1:      grunt_arrival_crossed_arrows, layout_rooms,
          shapermc_ecumenical_altar_rom_forum
D:2:      layout_loops_ring, uniq_crazy_yiuf_cottage
D:3:      layout_loops_ring
D:4:      layout_basic
D:5:      layout_rooms, mainiacjoe_overflow_chevrons, serial_shops,
          kennysheep_mini_moat, minivault_27
D:6:      layout_basic, mainiacjoe_overflow_six_doors_small, temple_fountains,
          serial_corexii_hall, corexii_hall_statues_s,
          chequers_hall_statues_corner_a, minivault_24, grunt_ministairs_7,
          uniq_menkaure, uniq_maggie, uniq_duvessa
Temple:   corrupted_temple

Skill      XL: |  1  2  3  4  5  6  7  8 |
---------------+-------------------------+-----
Polearms       | 5 6 7 8 9 10 11 | 11.5
Dodging        | 5 6 7 |  7.0
Fighting       | 3 4 |  4.9
Armour         | 1 2 |  2.0
Throwing       | |  2.0

Action                   |  1- 3 |  4- 6 |  7- 9 || total
-------------------------+-------+-------+-------++-------
Melee: Trident           |    96 |   162 |   174 ||   432
Throw: Throwing net      |     1 |       |       ||     1
       Javelin           |       |       |     5 ||     5
  Use: Scroll            |     4 |     1 |     5 ||    10
       Potion            |       |       |     3 ||     3
 Stab: Held in net/web   |     1 |       |       ||     1
       Sleeping          |       |     5 |       ||     5
Armor: Leather armour    |    24 |    16 |       ||    40
       Ring mail         |       |     3 |    47 ||    50
Dodge: Dodged            |    30 |    89 |   104 ||   223

Table legend: (Time is in decaauts)
 A = Elapsed time spent in this place.
 B = Non-inter-level travel time spent in this place.
 C = Inter-level travel time spent in this place.
 D = Time resting spent in this place.
 E = Time spent auto-exploring this place.
 F = Levels seen in this place.
 G = Mean time per level.
                   A        B        C        D        E       F      G
               +--------+--------+--------+--------+--------+-----+--------+
         Total |   5032 |   4872 |    160 |    439 |   3356 |   7 |  718.9 |
       Dungeon |   4679 |   4519 |    160 |    217 |   3333 |   6 |  779.8 |
        Temple |    353 |    353 |      0 |    222 |     23 |   1 |  353.0 |
               +--------+--------+--------+--------+--------+-----+--------+

Top non-repeatable levels by time:
     D:4: 1443 daAuts
     D:3: 835 daAuts
     D:2: 794 daAuts
     D:5: 785 daAuts
     D:1: 775 daAuts
  Temple: 353 daAuts
     D:6: 43 daAuts
